AoeStats
← 珍妙

Black Forest

506082268Analyzed
1v1 RM · 21d ago on Sep 12, 2026· 19m 0s· 2 players
Game mode
Random Map
Map size
Tiny (2 player)
Population
200
Speed
Normal
Resources
Standard
Victory
Conquest
Starting age
Dark Age
Ending age
Imperial Age
RankedLock teamsTeams togetherTeam positionsShared explorationLock speedFull tech treeHidden civsTurbo modeCheats
Victory
Defeat
🇭🇰 Saracens · Hong Kong SAR China
1402
+17
🇯🇵 Romans · Japan
1426
-17
good boy
0:27 Loom
10:41 Feudal Age
14:54 Castle Age
14:21 Double-Bit Axe
珍妙
0:30 Loom
14:31 Feudal Age
16:23 Fletching
20:12 Castle Age
Connection lost

Rejoining the realm…

Still unreachable

The connection could not be restored.

Session expired

The server has moved on; the page needs a fresh start.